 Dungeon Crawl Stone Soup version 0.32-a0-350-g4f4d228785 (webtiles) character file.

Game seed: 9189287705480630870

319 Pooter the Chopper (level 6, -1/55 HPs)
             Began as a Minotaur Fighter on Feb 17, 2024.
             Was an Initiate of Beogh.
             Slain by a hornet (14 damage)
             ... on level 4 of the Dungeon.
             The game lasted 00:11:51 (3213 turns).

Pooter the Chopper (Minotaur Fighter)               Turns: 3213, Time: 00:11:52

Health: -1/55      AC:  4    Str: 22    XL:     6   Next: 21%
Magic:  5/5        EV:  8    Int:  5    God:    Beogh [......]
Gold:   180        SH:  8    Dex: 10    Spells: 5/5 levels left

rFire   . . .        a - +0 war axe
rCold   . . .        w - +0 kite shield
rNeg    . . .        b - +0 scale mail
rPois   +            (helmet restricted)
rElec   .            (no cloak)
rCorr   .            m - +0 pair of gloves
SInv    .            (no boots)
Will    .....        (no amulet) Stlth
                     W - ring of wizardry
HPRegen 0.29/turn    P - ring of poison resistance
MPRegen 0.09/turn

%: wizardry (x1)
@: mighty, corroded
A: horns 2, retaliatory headbutt
a: Renounce Religion


You were on level 4 of the Dungeon.
You worshipped Beogh.
Beogh was noncommittal.
You visited 1 branch of the dungeon, and saw 4 of its levels.

You collected 180 gold pieces.

Inventory:

Hand Weapons
 a - a +0 war axe (weapon)
 n - a +0 trident
   (You took it off an orc on level 3 of the Dungeon)
Missiles
 c - 3 atropa-tipped darts
 g - 12 poisoned darts (quivered)
 y - a boomerang
 Q - 40 stones
Armour
 b - a +0 scale mail (worn)
 m - a +0 pair of gloves (worn)
   (You found it on level 2 of the Dungeon)
 u - a +0 buckler
   (You found it on level 3 of the Dungeon)
 w - a +0 kite shield (worn)
   (You found it on level 4 of the Dungeon)
Jewellery
 P - a ring of poison resistance (right hand)
   (You found it on level 4 of the Dungeon)
 W - a ring of wizardry (left hand)
   (You found it on level 3 of the Dungeon)
Wands
 d - a wand of iceblast (1)
   (You found it on level 4 of the Dungeon)
Scrolls
 e - 2 scrolls of vulnerability {!r}
 f - a scroll of teleportation {unknown}
 i - a scroll of fear
 j - a scroll of revelation
 k - 3 scrolls of identify {unknown}
 l - 2 scrolls of amnesia
 q - a scroll of summoning {unknown}
 t - a scroll of brand weapon {unknown}
 v - a scroll of enchant weapon {unknown}
Potions
 h - a potion of lignification {unknown}
 o - a potion of magic {unknown}
 p - 2 potions of attraction {unknown}
 r - a potion of heal wounds {unknown}
 s - a potion of cancellation {unknown}
 x - a potion of might


   Skills:
 + Level 4.8 Fighting
 * Level 5.0 Axes
 - Level 2.1 Throwing
 - Level 3.6 Armour
 - Level 1.7 Stealth
 - Level 3.6 Shields
 * Level 0.7 Invocations
 - Level 1.8 Evocations


You had 5 spell levels left.
You didn't know any spells.
Your spell library contained the following spells:

 Spells                   Type           Power      Damage    Failure   Level
 Shock                    Conj/Air       0%         1d3       75%         1
 Mercury Vapours          Alch/Air       0%         N/A       86%         2
 Mephitic Cloud           Conj/Alch/Air  0%         N/A       97%         3
 Swiftness                Air            0%         N/A       97%         3
 Airstrike                Air            0%         2d(0-16)  100%        4
 Passage of Golubria      Tloc           0%         N/A       100%        4
 Freezing Cloud           Conj/Ice/Air   0%         6-21      100%        5
 Iskenderun's Battlesphe  Conj           0%         2d6       100%        5
 Silence                  Hex/Air        0%         N/A       100%        5
 Bombard                  Conj/Erth      0%         9d1       100%        6
 Spellforged Servitor     Conj/Summ      0%         N/A       100%        7
 Lehudib's Crystal Spear  Conj/Erth      0%         10d2      100%        8


Dungeon Overview and Level Annotations

Branches:
Dungeon (4/15) Zot: 20730
 Temple: D:4-7

Altars:


Innate Abilities, Weirdness & Mutations

You have a pair of horns on your head.
You reflexively headbutt those who attack you in melee.


Message History

a +0 club; an orc corpse You see here 3 large rocks.
Found a buckler and a scroll labelled FASSUBB MAIJ.
Found a stone staircase leading up.
Found a stone staircase leading down.
You see here a +0 buckler.
k - 3 scrolls labelled FASSUBB MAIJ (gained 1)
Found 14 gold pieces.
An adder comes into view.
The adder hisses angrily.
You closely miss the adder. You block the adder's attack.
You closely miss the adder. The adder bites you. x2
You slash the adder!
You kill the adder!
Beogh accepts your kill.
No target in view!
You now have 180 gold pieces (gained 14).
A jelly comes into view.
A hornet comes into view.
The hornet buzzes angrily.
A black bear comes into view.
The black bear growls angrily.
The hornet stings you!
The hornet stings you but does no damage.
You feel very mighty all of a sudden. You block the hornet's attack.
The jelly completely misses you.
You closely miss the hornet. You barely miss the jelly.
You block the hornet's attack. The hornet misses you. The jelly hits you.
You are splashed with acid!
You closely miss the hornet. You slash the jelly! The acid corrodes you!
Your hands burn!
* * * LOW HITPOINT WARNING * * *
You barely miss the black bear. The hornet stings you.
* * * LOW HITPOINT WARNING * * *
The hornet stings you.
* * * LOW HITPOINT WARNING * * *
You feel yourself slow down. The jelly barely misses you.
The black bear bites you but does no damage.
The black bear closely misses you. You block the black bear's attack.
Unknown command.
You slash the hornet! You slash the jelly!
You kill the jelly!
Beogh accepts your kill.
You barely miss the black bear.
You feel yourself speed up. The hornet stings you!
* * * LOW HITPOINT WARNING * * *
The hornet stings you!
You die...

#.. #.# ...# #.# ###
#... #.###.## #..# #
#.##...## #..# .#
##.#.....######..##.###
..[...................##
##.#...>.#.# #y.h......
#.##†..##.## #@#
#.#........####.##.#
#..................#
###........####.####
##...##.## #...
##....... ......
####.#### ####.## #. .#
#. #


You could see a hornet and a black bear.

Vanquished Creatures
  An ice beast (D:3)
  A jelly (D:4)
  An orc wizard (D:4)
  4 adders
  3 gnolls (D:3)
  2 ribbon worms (D:3)
  3 dart slugs
  11 orcs
  4 ball pythons
  4 bats
  8 endoplasms
  3 giant cockroaches
  4 goblins
  4 hobgoblins (D:1)
  2 quokkas (D:2)
  3 frilled lizards
  5 kobolds
  6 rats
69 creatures vanquished.

Notes
Turn   | Place    | Note
-------+----------+-------------------------------------------
     0 | D:1      | Pooter the Minotaur Fighter began the quest for the Orb.
     0 | D:1      | Reached XP level 1. HP: 19/19 MP: 0/0
   130 | D:1      | Reached XP level 2. HP: 25/27 MP: 1/1
   226 | D:1      | Reached skill level 3 in Axes
   358 | D:1      | Reached skill level 1 in Throwing
   358 | D:1      | Reached XP level 3. HP: 30/33 MP: 2/2
   693 | D:1      | Found a faded altar of an unknown god.
  1137 | D:2      | Reached skill level 1 in Stealth
  1137 | D:2      | Reached skill level 1 in Evocations
  1634 | D:2      | Reached XP level 4. HP: 40/40 MP: 3/3
  1925 | D:3      | Became a worshipper of Beogh the Shepherd
  1963 | D:3      | Reached skill level 4 in Axes
  2060 | D:3      | Reached XP level 5. HP: 12/47 MP: 4/4
  2453 | D:3      | Noticed an ice beast
  2470 | D:3      | Killed an ice beast
  3072 | D:4      | Reached XP level 6. HP: 53/53 MP: 5/5
  3087 | D:4      | Reached skill level 5 in Axes
  3208 | D:4      | Noticed a hornet
  3213 | D:4      | Slain by a hornet

Illustrated notes

Levels and vault maps discovered:
D:1:      minmay_arrival_open_corners, layout_basic,
          chequers_ecumenical_altar_twisty, minmay_misc_feat_ornament,
          minivault_27, minivault_26
D:2:      layout_basic
D:3:      layout_basic, grunt_ministairs_7
D:4:      layout_loops_ring

Skill      XL: |  1  2  3  4  5  6 |
---------------+-------------------+-----
Axes           | 3 4 5 |  5.0
Throwing       | 1 2 |  2.1
Fighting       | 4 |  4.8
Stealth        | 1 |  1.7
Evocations     | 1 |  1.8
Armour         | |  3.6
Shields        | |  3.6
Invocations    | |  0.7

Action                     |  1- 3 |  4- 6 || total
---------------------------+-------+-------++-------
  Melee: War axe           |    71 |    89 ||   160
         Headbutt          |     7 |     8 ||    15
  Throw: Dart              |       |     4 ||     4
 Invoke: Convert to Beogh  |       |     1 ||     1
    Use: Scroll            |     4 |       ||     4
         Potion            |       |     1 ||     1
 Armour: Scale mail        |    43 |    64 ||   107
  Dodge: Dodged            |    28 |    49 ||    77
  Block: Buckler           |    17 |    21 ||    38
         Kite shield       |       |    13 ||    13

Table legend: (Time is in decaauts)
 A = Elapsed time spent in this place.
 B = Non-inter-level travel time spent in this place.
 C = Inter-level travel time spent in this place.
 D = Time resting spent in this place.
 E = Time spent auto-exploring this place.
 F = Levels seen in this place.
 G = Mean time per level.
                   A        B        C        D        E       F      G
               +--------+--------+--------+--------+--------+-----+--------+
         Total |   3267 |   3193 |     74 |    421 |   2189 |   4 |  816.8 |
       Dungeon |   3267 |   3193 |     74 |    421 |   2189 |   4 |  816.8 |
               +--------+--------+--------+--------+--------+-----+--------+

Top non-repeatable levels by time:
     D:3: 1249 daAuts
     D:1: 928 daAuts
     D:2: 832 daAuts
     D:4: 257 daAuts
